 Dungeon Crawl Stone Soup version 0.29.1-2-gbd0b4ee654 (webtiles) character file.

Game seed: 16458642367965552698

9 GorkyZ the Ducker (level 2, 0/22 HPs)
             Began as a Demonspawn Gladiator on Nov 22, 2022.
             Slain by a hobgoblin (2 damage)
             ... on level 1 of the Dungeon on Nov 23, 2022.
             The game lasted 00:02:06 (555 turns).

GorkyZ the Ducker (Demonspawn Gladiator)             Turns: 555, Time: 00:02:07

Health: 0/22       AC:  6    Str: 14    XL:     2   Next: 6%
Magic:  2/2        EV: 11    Int:  9    God:
Gold:   27         SH:  0    Dex: 14    Spells: 1/1 levels left

rFire   . . .      SeeInvis .   g - +0 dagger
rCold   . . .      Faith    .   (no shield)
rNeg    . . .      Spirit   .   i - +0 ring mail
rPois   .          Reflect  .   c - +0 helmet
rElec   .          Harm     .   (no cloak)
rCorr   .          Rampage  .   (no gloves)
Will    .....                   (no boots)
Stlth   +.........              (no amulet)
HPRegen 0.07/turn               (no ring)
MPRegen 0.08/turn               (no ring)

@: no status effects
A: powered by death 1
a: no special abilities


You were on level 1 of the Dungeon.
You visited 1 branch of the dungeon, and saw 2 of its levels.

You collected 27 gold pieces.

Inventory:

Hand Weapons
 a - a +0 war axe
 g - a +0 dagger (weapon)
Missiles
 d - 3 throwing nets (quivered)
 e - a javelin
Armour
 b - a +0 leather armour
 c - a +0 helmet (worn)
 i - a +0 ring mail (worn)
Scrolls
 f - a scroll of identify {unknown}
 j - a scroll of enchant weapon {unknown}
Potions
 h - a potion of curing {unknown}
 k - a potion of lignification {unknown}


   Skills:
 + Level 2.1 Fighting
 + Level 0.2(0.3) Short Blades
 + Level 0.2(0.3) Long Blades
 - Level 2.6 Axes
 + Level 1.9 Throwing
 + Level 0.3 Armour
 + Level 2.8 Dodging
 + Level 0.4 Evocations


You had one spell level left.
You didn't know any spells.
Your spell library was empty.

Dungeon Overview and Level Annotations

Branches:
Dungeon (2/15)

Altars:


Innate Abilities, Weirdness & Mutations

You regenerate a little health from kills.


Message History

The endoplasm freezes you.
You are frozen.
* * * LOW HITPOINT WARNING * * *
You hit the endoplasm but do no damage. You hit the endoplasm.
The endoplasm is heavily wounded.
The endoplasm hits you but does no damage.
You hit the endoplasm but do no damage.
The endoplasm is heavily wounded.
The endoplasm closely misses you.
You hit the endoplasm. You punch the endoplasm.
You kill the endoplasm!
You now have 27 gold pieces (gained 18).
A goblin comes into view. It is wielding a +0 dagger.
The goblin shouts!
There is an escape hatch in the ceiling here.
A mysterious force pulls you upwards. The hatch slams shut behind you.
The ball python hisses angrily.
The hobgoblin shouts!
You are too injured to fight recklessly!
You are too injured to fight recklessly!
Unknown command.
You are too injured to fight recklessly!
You are too injured to fight recklessly!
The hobgoblin hits you.
* * * LOW HITPOINT WARNING * * *
You hit the hobgoblin but do no damage. The hobgoblin hits you.
* * * LOW HITPOINT WARNING * * *
You closely miss the hobgoblin. The hobgoblin closely misses you.
You closely miss the hobgoblin.
The hobgoblin hits you but does no damage.
A goblin comes into view. It is wielding a +0 dagger.
The goblin shouts!
You hit the hobgoblin but do no damage.
The hobgoblin hits you but does no damage.
You hit the hobgoblin.
The hobgoblin is moderately wounded.
The ball python closely misses you. x2
The dart slug bites you but does no damage.
The hobgoblin hits you.
You die...

#. ## ... #... #. ...S
#... #. .... #.. #. #...
##.. ### ##.
#.#.##..#######
....#..##.#.....#.....##
#..?..#>$.......>....#
#.g@S...............
#...w...............
#....#...............
#...##...............
.....##.....).........
.....>..w..:...........
......g.#.......#......#
.........#.....######..#
#+#.##....# ...##


You could see a dart slug, a hobgoblin, a goblin and a ball python.

Vanquished Creatures
  A bat (D:1)
  2 endoplasms
  A goblin (D:1)
  A quokka (D:1)
  3 ball pythons (D:1)
  A rat (D:1)
9 creatures vanquished.

Vanquished Creatures (others)
  4 toadstools (D:1)
4 creatures vanquished.

Grand Total: 13 creatures vanquished

Notes
Turn   | Place    | Note
-------+----------+-------------------------------------------
     0 | D:1      | GorkyZ the Demonspawn Gladiator began the quest for the
                  | Orb.
     0 | D:1      | Reached XP level 1. HP: 16/16 MP: 1/1
   503 | D:1      | Gained mutation: You regenerate a little health from kills.
                  | [demonic ancestry]
   503 | D:1      | Reached XP level 2. HP: 19/22 MP: 2/2
   504 | D:1      | You fall into a shaft and drop 1 floor!
   551 | D:1      | HP: 1/22 [hobgoblin (4)]
   555 | D:1      | Slain by a hobgoblin

Illustrated notes

Levels and vault maps discovered:
D:1:      ldierk_water_garden, layout_rooms,
          shapermc_ecumenical_altar_totnotflames, minmay_rat_gold_closets
D:2:      layout_basic, serial_rivers, chequers_serial_rivers_large_b,
          chequers_serial_rivers_marsh, chequers_serial_rivers_micro_c,
          chequers_serial_rivers_small_a, uniq_robin

Action                   || total
-------------------------++-------
Melee: Dagger            ||    45
       Punch             ||     1
Armor: Leather armour    ||    27
       Ring mail         ||     5
Dodge: Dodged            ||    46
